 Dungeon Crawl Stone Soup version 0.30-a0-591-g3c58d2bc28 (webtiles) character file.

Game seed: 4105927398996724038

269 CorgiPerc the Magician (level 6, -10/34 HPs)
             Began as a Deep Elf Fire Elementalist on Jan 4, 2023.
             Killed by divine providence
             ... invoked by an orc priest
              (15 damage)
             ... on level 4 of the Dungeon.
             The game lasted 00:22:51 (2077 turns).

CorgiPerc the Magician (Deep Elf Fire Elementalist) Turns: 2077, Time: 00:22:52

Health: -10/34     AC: 16    Str:  7    XL:     6   Next: 1%
Magic:  14/14      EV: -1    Int: 20    God:
Gold:   83         SH:  0    Dex: 15    Spells: 12/13 levels left

rFire   + . .      SeeInvis .    m - +1 short sword (speed)
rCold   . . .      Faith    .    (no shield)
rNeg    . . .      Spirit   .    j - +1 plate armour
rPois   .          Reflect  .    p - +0 helmet
rElec   .          Harm     .    (no cloak)
rCorr   .          Rampage  .    (no gloves)
Will    .....                    (no boots) Stlth
                                 (no amulet)
HPRegen 0.25/turn                d - +4 ring of protection
MPRegen 0.14/turn                k - ring of protection from fire

@: unable to drink
A: claws 1, inability to drink after injury 1, MP-powered wands
a: no special abilities


You were on level 4 of the Dungeon.
You visited 1 branch of the dungeon, and saw 4 of its levels.

You collected 83 gold pieces.

Inventory:

Hand Weapons
 i - a +1 short sword of draining
 m - a +1 short sword of speed (weapon)
Missiles
 g - 39 stones
Armour
 a - a +0 robe
 j - a +1 plate armour (worn)
 p - a +0 helmet (worn)
Jewellery
 d - a +4 ring of protection (left claw)
 k - a ring of protection from fire (right claw)
Wands
 l - a wand of iceblast (10)
Scrolls
 n - a scroll of enchant weapon {unknown}
 o - a scroll of teleportation {unknown}
 q - a scroll of magic mapping {unknown}
Potions
 b - a potion of magic
 c - a potion of might
 e - 2 potions of haste {unknown}
 f - a potion of mutation
 h - a potion of invisibility {unknown}


   Skills:
 + Level 1.2 Fighting
 + Level 2.1 Short Blades
 + Level 1.1 Armour
 + Level 3.0 Dodging
 + Level 2.7 Stealth
 + Level 0.7 Unarmed Combat
 + Level 4.4 Spellcasting
 * Level 2.4 Conjurations
 * Level 4.3 Fire Magic


You had 12 spell levels left.
You knew the following spells:

 Your Spells              Type           Power      Damage    Failure   Level
a - Foxfire               Conj/Fire      72%        2x1d7     100%        1

Your spell library contained the following spells:

 Spells                   Type           Power      Damage    Failure   Level
 Cigotuvi's Dreadful Rot  Necr/Pois/Air  8%         N/A       100%        2
 Scorch                   Fire           42%        2d7       100%        2
 Inner Flame              Hex/Fire       13%        N/A       100%        3
 Kindle Blastsparks       Fire/Tloc/Air  20%        2d11      100%        3
 Dispel Undead            Necr           4%         3d7       100%        4
 Flame Wave               Conj/Fire      18%        2d7       100%        4
 Death Channel            Necr           2%         N/A       100%        6


Dungeon Overview and Level Annotations

Branches:
Dungeon (4/15)
 Temple: D:4-7

Altars:
Ashenzari
Uskayaw


Innate Abilities, Weirdness & Mutations

You have sharp fingernails.
You occasionally lose the ability to drink potions when taking damage.
You expend magic power (3 MP) to strengthen your wands.


Message History

The orc priest begins to cast a cantrip, but forgets the words!
You hit the orc priest but do no damage.
The orc priest is moderately wounded.
You hit the orc priest but do no damage.
The orc priest is moderately wounded.
The orc hits you with a +0 hand axe.
The orc priest calls upon Beogh to heal the orc.
The orc's wounds heal themselves!
You hit the orc priest but do no damage.
The orc priest is moderately wounded.
The orc hits you but does no damage.
The orc priest hits you but does no damage.
You hit the orc priest.
The orc priest is heavily wounded.
You closely miss the orc priest.
The orc priest is heavily wounded.
The orc hits you with a +0 hand axe.
* * * LOW HITPOINT WARNING * * *
The orc priest hits you with a +0 hand axe.
* * * LOW HITPOINT WARNING * * *
Aiming: Iceblast
Press: ? - help, Q - select action, (/) - cycle Shift-Dir - straight line, f - orc priest
Aim: an orc priest, wielding a +0 hand axe and wearing a +0 ring mail (heavily wounded)
You feel a surge of power! That beam is likely to hit you.
Continue anyway?
Okay, then.
Aiming: Iceblast
Press: ? - help, Q - select action, (/) - cycle Shift-Dir - straight line, p - orc priest You feel a surge of power!
That beam is likely to hit you.
Continue anyway?
Okay, then.
You hit the orc.
The orc is moderately wounded.
You barely miss the orc.
The orc is moderately wounded.
The orc hits you but does no damage.
The orc priest mumbles some strange prayers to Beogh against you.
Beogh smites you!
You feel threatened and lose the ability to drink potions!
You die...

###############
#..............
####oo............
#...g.............
.######o#...............
......o@#h.o............
###.#####...............
###..............
................
#...............
#<..............
#.............. #
#..............
#.##..............


You could see an orc priest and an orc.

Vanquished Creatures
  3 orc priests
  2 orc wizards
  5 adders
  4 dart slugs
  9 orcs
  10 ball pythons
  2 bats
  3 endoplasms
  A giant cockroach (D:2)
  5 goblins
  8 hobgoblins
  6 jackals
  3 quokkas
  3 frilled lizards
  6 kobolds
  3 rats
73 creatures vanquished.

Vanquished Creatures (others)
  35 foxfires
35 creatures vanquished.

Grand Total: 108 creatures vanquished

Notes
Turn   | Place    | Note
-------+----------+-------------------------------------------
     0 | D:1      | CorgiPerc the Deep Elf Fire Elementalist began the quest
                  | for the Orb.
     0 | D:1      | Reached XP level 1. HP: 10/10 MP: 6/6
    91 | D:1      | Reached XP level 2. HP: 9/15 MP: 4/8
   806 | D:2      | Reached XP level 3. HP: 9/13 MP: 9/9
  1241 | D:2      | Reached XP level 4. HP: 16/24 MP: 11/11
  1270 | D:2      | Gained mutation: You have sharp fingernails. [potion of
                  | mutation]
  1270 | D:2      | Gained mutation: You occasionally lose the ability to drink
                  | potions when taking damage. [potion of mutation]
  1270 | D:2      | Gained mutation: You expend magic power (3 MP) to
                  | strengthen your wands. [potion of mutation]
  1482 | D:3      | Reached skill level 1 in Fighting
  1483 | D:3      | Reached skill level 1 in Short Blades
  1483 | D:3      | Reached XP level 5. HP: 8/29 MP: 11/13
  1787 | D:4      | Reached skill level 1 in Armour
  1801 | D:4      | Found a large runed translucent door.
  1808 | D:4      | Found a large runed translucent door.
  1819 | D:4      | Found a hide-covered altar of Uskayaw.
  1831 | D:4      | Found a broken altar of Ashenzari.
  2054 | D:4      | Reached XP level 6. HP: 26/34 MP: 14/14
  2077 | D:4      | Killed from afar by an orc priest

Illustrated notes

Levels and vault maps discovered:
D:1:      heliophobic_arrival_dark_side_of_the_moon, layout_loops_ring
D:2:      layout_basic, grunt_ministairs_1, serial_bayou_crossing
D:3:      minmay_diamond_boxcup, layout_loops_ring,
          nicolae_elyvilon_peaceful_grove, serial_shops, shop_scrolls,
          uniq_grinder
D:4:      layout_basic, jmf_multi_god_temple2

Skill      XL: |  1  2  3  4  5 |
---------------+----------------+-----
Fire Magic     | 4 |  4.3
Fighting       | 1 |  1.2
Spellcasting   | 4 |  4.4
Conjurations   | 2 |  2.4
Short Blades   | 1 2 |  2.1
Dodging        | 3 |  3.0
Armour         | 1 |  1.1
Stealth        | |  2.7
Unarmed Combat | |  0.7

Action                   |  1- 3 |  4- 6 || total
-------------------------+-------+-------++-------
Melee: Unarmed           |    42 |       ||    42
       Short sword       |    49 |   180 ||   229
       Punch             |       |     2 ||     2
 Cast: Foxfire           |    27 |       ||    27
  Use: Scroll            |     1 |     4 ||     5
       Potion            |     1 |     3 ||     4
 Stab: Sleeping          |     1 |       ||     1
Armor: Robe              |    26 |       ||    26
       Plate armour      |    59 |   156 ||   215
Dodge: Dodged            |    44 |     6 ||    50

Table legend: (Time is in decaauts)
 A = Elapsed time spent in this place.
 B = Non-inter-level travel time spent in this place.
 C = Inter-level travel time spent in this place.
 D = Time resting spent in this place.
 E = Time spent auto-exploring this place.
 F = Levels seen in this place.
 G = Mean time per level.
                   A        B        C        D        E       F      G
               +--------+--------+--------+--------+--------+-----+--------+
         Total |   2011 |   2011 |      0 |      0 |      0 |   4 |  502.8 |
       Dungeon |   2011 |   2011 |      0 |      0 |      0 |   4 |  502.8 |
               +--------+--------+--------+--------+--------+-----+--------+

Top non-repeatable levels by time:
     D:2: 710 daAuts
     D:1: 703 daAuts
     D:3: 321 daAuts
     D:4: 276 daAuts
